 Dungeon Crawl Stone Soup version 0.20.0-15-g7f486f2 (webtiles) character file.

2812 miragecloak the Martial Artist (level 9, -1/53 HPs)
             Began as an Octopode Transmuter on June 9, 2017.
             Slain by an ice beast (9 damage)
             ... on level 7 of the Dungeon on June 12, 2017.
             The game lasted 00:18:50 (10898 turns).

miragecloak the Martial Artist (OpTm)              Turns: 10898, Time: 00:18:52

Health: -1/53      AC:  2    Str:  9    XL:     9   Next: 72%
Magic:  13/15      EV: 20    Int: 16    God:
Gold:   157        SH:  0    Dex: 20    Spells: 8/16 levels left

rFire    . . .     SeeInvis .     - Unarmed
rCold    . . .     Gourm    .   (shield currently unavailable)
rNeg     . . .     Faith    .   (helmet currently unavailable)
rPois    x         Spirit   .   (no amulet)
rElec    .         Reflect  .   (no ring)
rCorr    .         Harm     .   (no ring)
MR       .....                  (no ring)
Stlth    ++........             (no ring)
Regen    0.2/turn               (no ring)
MPRegen  0.2/turn               (no ring)
                                (no ring)
                                (no ring)

@: spider-form (expiring)
A: almost no armour, stealthy swim, (amphibious), 8 rings, (constrict 8),
screaming 1
a: End Transformation


You were on level 7 of the Dungeon.
You were hungry.
You were a venomous arachnid creature.
You visited 1 branch of the dungeon, and saw 7 of its levels.

You collected 349 gold pieces.
You spent 192 gold pieces at shops.

Inventory:

Missiles
 a - 112 arrows
Armour
 z - a +2 hat (melded)
Jewellery
 B - a cursed -2 ring of protection {unknown}
 D - an uncursed ring of poison resistance {unknown}
Wands
 x - a wand of random effects (32/48)
Scrolls
 d - a scroll of magic mapping
 h - a scroll of summoning
 i - 4 scrolls of remove curse
 k - 2 scrolls of enchant armour
 m - 2 scrolls of teleportation {unknown}
 q - a scroll of enchant weapon
 r - a scroll of fog
 v - a scroll of amnesia {unknown}
 y - a scroll of identify
Potions
 e - a potion of degeneration {unknown}
 f - 3 potions of resistance
 g - 3 potions of curing
 j - 2 potions of invisibility {unknown}
 n - 4 potions of brilliance
 p - a potion of heal wounds {unknown}
 t - a potion of berserk rage {unknown}
 u - a potion of haste {unknown}
 A - a potion of flight {unknown}
 C - a potion of lignification {unknown}
Books
 b - a book of Changes

   Spells                             Type                      Level
   a - Beastly Appendage              Transmutation                1
   b - Sticks to Snakes               Transmutation                2
   c - Spider Form                    Transmutation/Poison         3
   d - Ice Form                       Ice/Transmutation            4
   e - Blade Hands                    Transmutation                5
 w - a book of Minor Magic

   Spells                             Type                      Level
   a - Magic Dart                     Conjuration                  1
   b - Blink                          Translocation                2
   c - Call Imp                       Summoning                    2
   d - Slow                           Hexes                        2
   e - Conjure Flame                  Conjuration/Fire             3
   f - Mephitic Cloud                 Conjuration/Poison/Air       3
Comestibles
 c - 6 bread rations
 l - a royal jelly
 o - 8 fruits
 s - 6 meat rations


   Skills:
 - Level 1.0 Fighting
 - Level 2.0 Dodging
 - Level 10.2 Unarmed Combat
 - Level 4.2 Spellcasting
 + Level 6.4 Transmutations
 - Level 3.1 Ice Magic
 - Level 3.1 Poison Magic


You had 8 spell levels left.
You knew the following spells:

 Your Spells              Type           Power        Failure   Level  Hunger
a - Beastly Appendage     Tmut           ###...       5%          1    None
b - Spider Form           Tmut/Pois      ###.......   19%         3    ###....
c - Ice Form              Ice/Tmut       ###.....     43%         4    ####...


Dungeon Overview and Level Annotations

Branches:
Dungeon (7/15)
 Temple: D:4-7

Altars:
Elyvilon
Fedhas
Gozag
Hepliaklqana
Ru
Uskayaw
Xom
Yredelemnul
The Shining One

Shops:
D:5 :[}:

Annotations:
D:3 Aelig's ghost, amateur TeWz


Innate Abilities, Weirdness & Mutations

You cannot wear most types of armour.
You are very stealthy in the water. (Stealth+)
((You are amphibious.))
You can wear up to eight rings at the same time.
((You can use your tentacles to constrict eight enemies at once.))
((Your skin changes colour to match your surroundings (Stealth+).))
((Your rubbery body absorbs attacks. (AC +1, EV +1)))
You occasionally shout uncontrollably at your foes.


Message History

You hit the ice beast.
The ice beast is moderately wounded.
The ice beast hits you. The ice beast freezes you!
You are too injured to fight recklessly!
You are too injured to fight recklessly!
You are too injured to fight recklessly!
You are too injured to fight recklessly!
An ice beast is nearby!
You are too injured to fight recklessly!
You hit the ice beast but do no damage.
The ice beast is heavily wounded.
The ice beast hits you. The ice beast freezes you!
* * * LOW HITPOINT WARNING * * *
You hit the ice beast but do no damage.
The ice beast is heavily wounded.
Your transformation is almost over.
The ice beast hits you.
* * * LOW HITPOINT WARNING * * *
The ice beast freezes you!
You die...

#. #. ##### #. #..... ##
#.## #...... %..#..##
...$... .....##?......
#############...#.......
........................
..###.#######...s.......
#####.....>......Y......
.#.##..##########......>
#......# .......
.......# [......
......## ....... #######
....... #....<.


You could see an ice beast.

Vanquished Creatures
  A hippogriff (D:7)
  Eustachio (D:5)
  A hornet zombie (D:6)
  An orc warrior (D:7)
  A necrophage (D:7)
  An ice beast (D:6)
  A phantom (D:6)
  4 ogres
  2 sky beasts
  2 centaurs
  A bullfrog (D:7)
  A scorpion (D:5)
  A howler monkey (D:6)
  4 crimson imps (D:5)
  3 hounds
  A quasit (D:6)
  2 jellies (D:6)
  7 orc priests
  3 orc wizards
  A centaur skeleton (D:4)
  3 iguanas
  5 worker ants
  A hound skeleton (D:4)
  A worker ant zombie (D:7)
  7 gnolls
  7 adders
  A shadow imp (D:6)
  An ooze (D:2)
  An adder zombie (D:7)
  An adder skeleton (D:4)
  2 worms
  2 dart slugs
  2 leopard geckos (D:2)
  15 orcs
  6 giant cockroaches
  21 goblins
  11 hobgoblins
  13 jackals
  2 ball pythons
  12 bats
  8 frilled lizards
  10 kobolds
  A leopard gecko zombie (D:5)
  A quokka skeleton (D:6)
  8 rats
181 creatures vanquished.

Vanquished Creatures (collateral kills)
  An orc priest (D:6)
  2 orc wizards (D:6)
  2 orcs (D:6)
5 creatures vanquished.

Grand Total: 186 creatures vanquished

Notes
Turn   | Place    | Note
-------+----------+-------------------------------------------
     0 | D:1      | miragecloak the Octopode Transmuter began the quest for the Orb.
     0 | D:1      | Reached XP level 1. HP: 13/13 MP: 3/3
   123 | D:1      | Reached XP level 2. HP: 15/18 MP: 3/5
   665 | D:1      | Reached XP level 3. HP: 23/23 MP: 4/6
   670 | D:1      | Learned a level 3 spell: Spider Form
   939 | D:1      | Reached skill level 1 in Poison Magic
  1342 | D:2      | Reached XP level 4. HP: 28/28 MP: 1/7
  1557 | D:2      | Found a faded altar of an unknown god.
  1945 | D:3      | Reached XP level 5. HP: 33/33 MP: 1/8
  1961 | D:3      | Noticed Aelig's ghost (amateur TeWz)
  2547 | D:3      | Found a blossoming altar of Fedhas.
  2599 | D:3      | Reached skill level 4 in Unarmed Combat
  2715 | D:3      | Found a hazy altar of Hepliaklqana.
  3067 | D:2      | Reached XP level 6. HP: 22/38 MP: 2/9
  4716 | D:3      | Reached skill level 5 in Unarmed Combat
  5611 | D:4      | Reached skill level 6 in Unarmed Combat
  5611 | D:4      | Reached XP level 7. HP: 14/43 MP: 7/10
  5919 | D:4      | Found a hide-covered altar of Uskayaw.
  6625 | D:5      | Entered Level 5 of the Dungeon
  6659 | D:5      | Found a glowing golden altar of the Shining One.
  6669 | D:5      | Found Lets's Book Boutique.
  6669 | D:5      | Noticed Eustachio
  6686 | D:5      | Killed Eustachio
  6686 | D:5      | Reached skill level 7 in Unarmed Combat
  6765 | D:5      | Found a shimmering altar of Xom.
  6773 | D:5      | Found Qerphec's Gadget Boutique.
  6848 | D:5      | Found Yrithu's Armour Boutique.
  6857 | D:5      | Bought a +2 hat for 192 gold pieces
  6899 | D:5      | Reached skill level 8 in Unarmed Combat
  6899 | D:5      | Reached XP level 8. HP: 21/48 MP: 8/11
  7490 | D:5      | Found Zinguip's Book Shoppe.
  7627 | D:5      | Reached skill level 9 in Unarmed Combat
  8153 | D:6      | HP: 1/48 [orc priest/divine providence (15)]
  8551 | D:6      | Reached skill level 10 in Unarmed Combat
  8838 | D:6      | Learned a level 4 spell: Ice Form
  8903 | D:6      | Reached skill level 1 in Ice Magic
  8903 | D:6      | Reached XP level 9. HP: 53/53 MP: 9/12
  9161 | D:6      | Found an opulent altar of Gozag.
  9556 | D:6      | Found a basalt altar of Yredelemnul.
  9614 | D:6      | Found a white marble altar of Elyvilon.
  9794 | D:6      | Reached skill level 5 in Transmutations
  9799 | D:6      | Gained mutation: You occasionally shout uncontrollably at your foes. [mutagenic meat]
 10429 | D:7      | Found a sacrificial altar of Ru.
 10898 | D:7      | Slain by an ice beast

Skill      XL: |  1  2  3  4  5  6  7  8  9 |
---------------+----------------------------+-----
Transmutations | 3 4 6 |  6.4
Poison Magic   | 2 3 |  3.1
Unarmed Combat | 4 6 8 10 | 10.2
Ice Magic      | 1 3 |  3.1
Spellcasting   | 4 |  4.2
Fighting       | |  1.0
Dodging        | |  2.0

Action                   |  1- 3 |  4- 6 |  7- 9 || total
-------------------------+-------+-------+-------++-------
Melee: Unarmed           |    99 |   186 |   253 ||   538
       Constrict         |    16 |    10 |     2 ||    28
       Kick              |    13 |       |       ||    13
       Tentacles         |     7 |     4 |     1 ||    12
       Punch             |     1 |       |       ||     1
 Cast: Beastly Appendage |    17 |       |       ||    17
       Spider Form       |    11 |    43 |    50 ||   104
  Use: Scroll            |       |       |    10 ||    10
 Stab: Sleeping          |     7 |     1 |     1 ||     9
       Paralysed         |       |       |     2 ||     2
  Eat: Chunk             |     4 |    14 |    20 ||    38
       Bread ration      |       |     1 |     1 ||     2
Armor: Skin              |     4 |    14 |    23 ||    41
Dodge: Dodged            |    61 |   161 |   211 ||   433
